 Dungeon Crawl Stone Soup version 0.22-a0-42-g002c468 (webtiles) character file.

120 KristoblXynda the Sneak (level 5, -1/42 HPs)
             Began as a Naga Wizard on Jan 5, 2018.
             Slain by an orc (4 damage)
             ... on level 3 of the Dungeon.
             The game lasted 00:06:22 (3138 turns).

KristoblXynda the Sneak (Naga Wizard)               Turns: 3138, Time: 00:06:22

Health: -1/42      AC:  3    Str: 10    XL:     5   Next: 4%
Magic:  2/10       EV: 10    Int: 18    God:    Xom [..*...]
Gold:   46         SH:  0    Dex: 10    Spells: 7/11 levels left

rFire    . . .     SeeInvis +   p - +2 dagger (chaos)
rCold    . . .     Gourm    .   (no shield)
rNeg     . . .     Faith    .   a - +0 robe
rPois    +         Spirit   .   b - +0 hat
rElec    .         Reflect  .   (no cloak)
rCorr    .         Harm     .   h - +0 pair of gloves
MR       .....                  (no barding)
Stlth    +++.......             (no amulet)
HPRegen  0.14/turn              (no ring)
MPRegen  0.12/turn              (no ring)

@: short of breath, very slightly contaminated, very slow
A: large, see invisible, deformed body, poison resistance, slowness 2, slow
metabolism 1, spit poison 1, AC +1
a: Spit Poison, Renounce Religion


You were on level 3 of the Dungeon.
You worshipped Xom.
You were a toy of Xom.
You were not hungry.

You visited 1 branch of the dungeon, and saw 3 of its levels.

You collected 46 gold pieces.

Inventory:

Hand Weapons
 p - a +2 dagger of chaos (weapon)
Armour
 a - a +0 robe (worn)
 b - a +0 hat (worn)
 g - a cursed +0 ring mail
 h - a +0 pair of gloves (worn)
Scrolls
 e - a scroll of enchant armour {unknown}
 f - a scroll of identify
 i - a scroll of amnesia
Potions
 j - 2 potions of ambrosia
 k - a potion of curing {unknown}
 l - a potion of brilliance {unknown}
Books
 c - a book of Minor Magic

   Spells                             Type                      Level
   a - Magic Dart                     Conjuration                  1
   b - Blink                          Translocation                2
   c - Call Imp                       Summoning                    2
   d - Slow                           Hexes                        2
   e - Conjure Flame                  Conjuration/Fire             3
   f - Mephitic Cloud                 Conjuration/Poison/Air       3
 n - a book of Cantrips

   Spells                             Type                      Level
   a - Confusing Touch                Hexes                        1
   b - Animate Skeleton               Necromancy                   1
   c - Summon Small Mammal            Summoning                    1
   d - Apportation                    Translocation                1
Comestibles
 d - 2 rations


   Skills:
 - Level 1.5 Dodging
 + Level 5.0 Stealth
 + Level 3.8 Spellcasting
 + Level 2.6 Conjurations
   Level 1.0 Summonings
   Level 1.0 Translocations
 + Level 1.1 Poison Magic


You had 7 spell levels left.
You knew the following spells:

 Your Spells              Type           Power        Failure   Level  Hunger
a - Magic Dart            Conj           ##..         4%          1    None
b - Mephitic Cloud        Conj/Pois/Air  #.......     26%         3    ###....


Dungeon Overview and Level Annotations

Branches:
Dungeon (3/15)

Altars:
Ashenzari
Makhleb
Ru
Uskayaw
Xom

Annotations:
D:3 Lanoc's ghost, amateur GnCK


Innate Abilities, Weirdness & Mutations

You cannot wear boots.
Your serpentine skin is tough. (AC +1)
You have supernaturally acute eyesight. (SInv)
Armour fits poorly on your strangely shaped body.
Your system is resistant to poisons. (rPois)
You cover ground very slowly.
You have a slow metabolism.
You can spit poison.


Message History

Aim: an orc (heavily wounded, poisoned)
You miscast Magic Dart.
You are very lightly contaminated with residual magic.
Your skin tingles.
The orc hits you.
* * * LOW HITPOINT WARNING * * *
Casting: Magic Dart
Confirm with . or Enter, or press ? or * to list all spells.
Aiming: Magic Dart
Press: ? - help, Shift-Dir - straight line, f/p - orc
Aim: an orc (heavily wounded, poisoned)
You miscast Magic Dart.
Your skin tingles.
The orc hits you but does no damage.
Casting: Magic Dart
Confirm with . or Enter, or press ? or * to list all spells.
Aiming: Magic Dart
Press: ? - help, Shift-Dir - straight line, f/p - orc
Aim: an orc (heavily wounded, poisoned)
The magic dart hits the orc.
The orc is severely wounded.
The orc hits you.
You die...

s.. .. ### .. ...
### ) #.# # #.#
#.#.#.####.#
#.#.#.##..<######
#.s...##.#......#
#o####.#####..###
#@##...# #....#
#.##########..#.#
#......#......# #
##............#
#............#
#.)..........#
#............#
#............#
#...^........#


You could see an orc and a giant cockroach.

Vanquished Creatures
  A hound (D:2)
  2 adders
  2 gnolls (D:2)
  2 dart slugs (D:2)
  5 orcs
  2 giant cockroaches (D:2)
  4 goblins
  7 hobgoblins
  A kobold (D:2)
  2 ball pythons
  5 bats
  5 frilled lizards
  10 rats
48 creatures vanquished.

Notes
Turn   | Place    | Note
-------+----------+-------------------------------------------
     0 | D:1      | KristoblXynda the Naga Wizard began the quest for the Orb.
     0 | D:1      | Reached XP level 1. HP: 15/15 MP: 4/4
   576 | D:1      | Reached XP level 2. HP: 14/22 MP: 0/6
  1623 | D:2      | Reached skill level 4 in Stealth
  1623 | D:2      | Reached XP level 3. HP: 20/28 MP: 0/8
  1686 | D:2      | Found a burning altar of Makhleb.
  1827 | D:2      | Learned a level 3 spell: Mephitic Cloud
  2112 | D:2      | Found a shattered altar of Ashenzari.
  2195 | D:2      | Reached XP level 4. HP: 25/36 MP: 7/9
  2509 | D:2      | Found a hide-covered altar of Uskayaw.
  2509 | D:2      | Found a sacrificial altar of Ru.
  2754 | D:2      | Found a shimmering altar of Xom.
  2763 | D:2      | Became a worshipper of Xom of Chaos
  2861 | D:3      | Noticed Lanoc's ghost (amateur GnCK)
  2922 | D:3      | Reached skill level 1 in Poison Magic
  3078 | D:3      | XOM: harmless Conj miscast
  3116 | D:3      | Reached XP level 5. HP: 42/42 MP: 3/10
  3134 | D:3      | Reached skill level 5 in Stealth
  3136 | D:3      | HP: 2/42 [orc (2)]
  3138 | D:3      | Slain by an orc

Vault maps used:
D:1:      sevenhm_arrival_forest_fort_large_4
D:2:      makhleb_blood_cavern_becter, ashenzari_conservatory_becter,
          gammafunk_temple_overflow_elements, tgw_xom

Skill      XL: |  1  2  3  4  5 |
---------------+----------------+-----
Stealth        | 4 5 |  5.0
Conjurations   | 2 |  2.6
Poison Magic   | 1 |  1.1
Dodging        | |  1.5
Spellcasting   | |  3.8
Summonings     | |  1.0
Translocations | |  1.0

Action                   |  1- 3 |  4- 6 || total
-------------------------+-------+-------++-------
Melee: Dagger            |    31 |    36 ||    67
       Spear             |       |    12 ||    12
 Cast: Magic Dart        |    51 |    35 ||    86
 Abil: Spit Poison       |     2 |     3 ||     5
  Use: Scroll            |       |     2 ||     2
       Potion            |       |     2 ||     2
 Stab: Sleeping          |     1 |       ||     1
  Eat: Ration            |     1 |     1 ||     2
Armor: Robe              |     8 |    12 ||    20
Dodge: Dodged            |    13 |    21 ||    34

Table legend:
 A = Spawn XP
 B = Non-spawn XP
 C = Spawn XP percentage of total XP
 D = Spawn monster count
 E = Non-spawn monster count
 F = Spawn count percentage of total count
 G = Total turns spent on level
                    A         B        C        D         E        F      G
               +---------+---------+-------+---------+---------+-------+---------
         Total |       0 |     172 |   0.0 |       0 |      48 |   0.0 |  3138
               +---------+---------+-------+---------+---------+-------+---------
           D:1 |       0 |      21 |   0.0 |       0 |      15 |   0.0 |  1455
           D:2 |       0 |     125 |   0.0 |       0 |      26 |   0.0 |  1436
           D:3 |       0 |      26 |   0.0 |       0 |       7 |   0.0 |   247
               +---------+---------+-------+---------+---------+-------+---------
